 Dungeon Crawl Stone Soup version 0.17-a0-1880-gacf7e67 (webtiles) character file.

84 mcbry74 the Sneak (level 4, -2/23 HPs)
             Began as a Spriggan Assassin on Sept 21, 2015.
             Was an Initiate of Fedhas.
             Slain by an orc (3 damage)
             ... on level 3 of the Dungeon.
             The game lasted 00:26:26 (2911 turns).

mcbry74 the Sneak (Spriggan Assassin)               Turns: 2911, Time: 00:26:26

Health: -2/23      AC:  3    Str:  7    XL:     4   Next: 23%
Magic:  5/5        EV: 17    Int: 12    God:    Fedhas [......]
Gold:   115        SH:  0    Dex: 18    Spells: 0 memorised, 3 levels left

rFire  . . .     SeeInvis +     a - +2 dagger
rCold  . . .     Clarity  .     c - +0 robe
rNeg   . . .     SustAt   .     (shield restricted)
rPois  .         Gourm    +     (helmet restricted)
rElec  .         Spirit   .     d - +0 cloak
rCorr  .         Warding  .     (gloves unavailable)
rMut   .         Stasis   .     (boots unavailable)
MR     .....                    i - amulet of the gourmand
Stlth  ++++......               (no ring)
                                (no ring)

@: very quick, not resistant to hostile enchantments, stealthy
A: unfitting armour, see invisible, herbivore 3, speed 3, slow metabolism 2
a: Renounce Religion


You were on level 3 of the Dungeon.
You worshipped Fedhas.
Fedhas was noncommittal.
You were not hungry.

You visited 1 branch of the dungeon, and saw 4 of its levels.

You collected 115 gold pieces.

Inventory:

Hand weapons
 a - a +2 dagger (weapon)
 b - a +0 blowgun
Missiles
 e - 16 poisoned needles
 f - a curare-tipped needle
 x - 4 tomahawks (quivered)
Armour
 c - a +0 robe (worn)
 d - a +0 cloak (worn)
Jewellery
 i - an amulet of the gourmand (around neck)
 w - an uncursed ring of sustain attributes {unknown}
Scrolls
 h - 4 scrolls of identify {unknown}
 k - a scroll of fear {unknown}
 l - 3 scrolls of remove curse {unknown}
 q - a scroll of recharging {unknown}
 t - 2 scrolls of teleportation {unknown}
 u - a scroll of enchant armour {unknown}
 v - a scroll of enchant weapon {unknown}
Potions
 m - a potion of resistance {unknown}
 n - 2 potions of haste {unknown}
 o - a potion of lignification {unknown}
 p - a potion of cancellation {unknown}
 r - a potion of agility {unknown}
Miscellaneous
 s - a plain deck of defence
Comestibles
 g - 4 bread rations
 j - a slice of pizza


   Skills:
 + Level 1.7 Fighting
 + Level 2.4 Short Blades
 + Level 3.0 Throwing
 + Level 1.9 Dodging
 + Level 7.7 Stealth


You had 3 spell levels left.
You didn't know any spells.

Dungeon Overview and Level Annotations

Branches:
Dungeon (4/15)
 Temple: D:4-7

Altars:
Fedhas
Gozag
Okawaru
Xom
The Shining One


Innate Abilities, Weirdness & Mutations

You are tiny and cannot use many weapons and most armour.
You have supernaturally acute eyesight.
You are a herbivore.
You cover ground extremely quickly.
You need consume almost no food.


Message History

The orc is severely wounded.
The orc misses you. The orc hits you.
You hit the orc but do no damage.
The orc is severely wounded.
The orc misses you. The ogre barely misses you. The orc misses you.
You hit the orc.
The orc is severely wounded.
The orc closely misses you.
The ogre hits you with a giant spiked club!
Ouch! That really hurt!
* * * LOW HITPOINT WARNING * * *
The orc hits you but does no damage.
You hit the orc.
The orc is almost dead.
The orc completely misses you.
You hit the orc but do no damage.
The orc is almost dead.
The orc hits you.
You die...
Fedhas appreciates your contribution to the ecosystem.

####### #########.....##
#..............#
#.#######..⌠...# #.#
#...(..# ####.#######......#
#.........#####...#
#.........#####...##########
#...<...).o@O...............
#.........#o###.############
#.........#.# #.# #
#.........#.###.############
#.........#.................
#.........#####...##########
#.........# ###.#...# #
#.........#######.#...# #
########..........#...# #


You could see an ogre and 2 orcs.

Vanquished Creatures
  An adder (D:3)
  2 worms
  4 giant geckos
  2 orcs (D:3)
  7 bats
  4 giant cockroaches
  9 goblins
  7 hobgoblins
  4 jackals (D:1)
  6 kobolds
  2 quokkas
  2 ball pythons (D:1)
  5 giant newts
  7 rats
62 creatures vanquished.

Vanquished Creatures (others)
  A toadstool (D:3)
1 creature vanquished.

Grand Total: 63 creatures vanquished

Notes
Turn   | Place    | Note
--------------------------------------------------------------
     0 | D:1      | mcbry74 the Spriggan Assassin began the quest for the Orb.
     0 | D:1      | Reached XP level 1. HP: 10/10 MP: 2/2
    94 | D:1      | Reached skill level 6 in Stealth
   265 | D:1      | Reached XP level 2. HP: 13/15 MP: 3/3
  1409 | D:2      | Reached XP level 3. HP: 18/18 MP: 4/4
  1438 | D:2      | Found a shimmering altar of Xom.
  1457 | D:2      | Reached skill level 7 in Stealth
  2105 | D:3      | Found a glowing golden altar of the Shining One.
  2153 | D:3      | Found an opulent altar of Gozag.
  2205 | D:3      | Reached XP level 4. HP: 23/23 MP: 5/5
  2295 | D:3      | Found a blossoming altar of Fedhas.
  2493 | D:3      | Found an iron altar of Okawaru.
  2589 | D:3      | Became a worshipper of Fedhas Madash
  2832 | D:4      | Noticed an ogre
  2909 | D:3      | HP: 1/23 [ogre/giant spiked club (16)]
  2911 | D:3      | Slain by an orc

Vault maps used:
D:1:      enne_arrival_octagon_isle
D:2:      nicolae_overflow_crystal_walls, amalloy_card_club
D:3:      lemuel_doored_altar, grunt_temple_overflow_open, solitary_fountain,
          fedhas_altar_2
D:4:      led_sif_book, minmay_temple_entry_glassed_door,
          trog_three_pillars_becter

Action                   |  1- 3 |  4- 6 || total
-------------------------+-------+-------++-------
Melee: Dagger            |    40 |    22 ||    62
 Fire: Blowgun           |    51 |    10 ||    61
 Stab: Sleeping          |    31 |     6 ||    37
